 Dungeon Crawl Stone Soup version 0.22-a0-587-g7d32d7c7ae (webtiles) character file.

4 RedPan the Magician (level 1, 0/11 HPs)
             Began as an Octopode Wizard on July 5, 2018.
             Slain by Natasha (9 damage)
             ... on level 2 of the Dungeon.
             The game lasted 00:01:07 (1102 turns).

RedPan the Magician (Octopode Wizard)               Turns: 1102, Time: 00:01:07

Health: 0/11       AC:  1    Str:  6    XL:     1   Next: 70%
Magic:  4/4        EV: 13    Int: 20    God:
Gold:   43         SH:  0    Dex: 10    Spells: 5/6 levels left

rFire    . . .     SeeInvis .   d - -3 dagger (curse)
rCold    . . .     Gourm    .   (no shield)
rNeg     . . .     Faith    .   a - +0 hat
rPois    .         Spirit   .   (no amulet)
rElec    .         Reflect  .   (no ring)
rCorr    .         Harm     .   (no ring)
MR       .....                  (no ring)
Stlth    +++.......             (no ring)
HPRegen  0.03/turn              (no ring)
MPRegen  0.09/turn              (no ring)
                                (no ring)
                                (no ring)

@: no status effects
A: almost no armour, stealthy swim, amphibious, 8 rings, constrict 8, camouflage
1, gelatinous body 1
a: no special abilities


You were on level 2 of the Dungeon.
You were not hungry.

You visited 1 branch of the dungeon, and saw 2 of its levels.

You collected 43 gold pieces.

Inventory:

Hand Weapons
 d - a cursed -3 dagger (weapon)
 e - a +0 dagger
Armour
 a - a +0 hat (worn)
Scrolls
 b - 8 scrolls of identify
Potions
 f - a potion of agility {unknown}
 g - a potion of curing {unknown}
 h - a potion of might {unknown}
 i - 2 potions of heal wounds {unknown}
Comestibles
 c - a ration


   Skills:
 + Level 2.1 Dodging
 + Level 2.8 Stealth
 + Level 3.0 Spellcasting
 * Level 1.2 Conjurations
   Level 1.0 Summonings
   Level 1.0 Translocations


You had 5 spell levels left.
You knew the following spells:

 Your Spells              Type           Power        Failure   Level  Hunger
a - Magic Dart            Conj           #...         9%          1    None

Your spell library contained the following spells:

 Spells                   Type           Power        Failure   Level  Hunger
 Conjure Flame            Conj/Fire      #.......     32%         3    ###....
 Slow                     Hex            #.......     22%         2    ##.....
 Mephitic Cloud           Conj/Pois/Air  #.......     34%         3    ###....
 Blink                    Tloc           N/A          14%         2    ##.....
 Call Imp                 Summ           #.......     14%         2    ##.....


Dungeon Overview and Level Annotations

Branches:
Dungeon (2/15)

Altars:

Annotations:
D:2 Natasha


Innate Abilities, Weirdness & Mutations

You cannot wear most types of armour.
You are very stealthy in the water. (Stealth+)
You are amphibious.
You can wear up to eight rings at the same time.
You can use your tentacles to constrict eight enemies at once.
Your skin changes colour to match your surroundings (Stealth+).
Your rubbery body absorbs attacks. (AC +1, EV +1)


Message History

You see here a ring mail.
You see here a club.
You see here 24 arrows.
All of the chunks of flesh in your inventory have rotted away.
You see here a centaur barding.
Done exploring.
Done exploring.
There is a stone staircase leading down here.
You climb downwards.
There is a stone staircase leading up here.
Natasha, Servant of Life and Death comes into view.
Found a metallic golden potion.
A leopard gecko comes into view.
Natasha hisses angrily.
Natasha claws you.
Found a ration and a glowing golden potion.
Found an escape hatch in the floor.
You closely miss Natasha. Your grab misses Natasha. Natasha claws you!
Ouch! That really hurt!
You die...

#.. #> .#l
##..##!#...
..........
........
......# #
#..#.#.#
%####..#.#.#
......h@...#
######.#.###
#.#<# #.###
.. !. #..
#..


You could see Natasha and a leopard gecko (sleeping).

Vanquished Creatures
  A goblin (D:1)
  2 bats (D:1)
  A frilled lizard (D:1)
  A kobold (D:1)
5 creatures vanquished.

Notes
Turn   | Place    | Note
-------+----------+-------------------------------------------
     0 | D:1      | RedPan the Octopode Wizard began the quest for the Orb.
     0 | D:1      | Reached XP level 1. HP: 11/11 MP: 4/4
  1100 | D:2      | Noticed Natasha
  1102 | D:2      | Slain by Natasha

Vault maps used:
D:1:      dpeg_arrival_central
D:2:      kennysheep_slug_shrine, first_ration, uniq_crazy_yiuf_cottage,
          uniq_terence, uniq_natasha

Action                   || total
-------------------------++-------
Melee: Dagger            ||     4
       Unarmed           ||     2
       Constrict         ||     1
 Cast: Magic Dart        ||     9
  Use: Scroll            ||     1
 Stab: Sleeping          ||     2
Dodge: Dodged            ||     5

Table legend:
 A = Spawn XP
 B = Non-spawn XP
 C = Spawn XP percentage of total XP
 D = Spawn monster count
 E = Non-spawn monster count
 F = Spawn count percentage of total count
 G = Total turns spent on level
                    A         B        C        D         E        F      G
               +---------+---------+-------+---------+---------+-------+---------
         Total |       0 |       7 |   0.0 |       0 |       5 |   0.0 |  1102
               +---------+---------+-------+---------+---------+-------+---------
           D:1 |       0 |       7 |   0.0 |       0 |       5 |   0.0 |  1099
               +---------+---------+-------+---------+---------+-------+---------
